 Dungeon Crawl Stone Soup version 0.16.1-30-g34a7ffa (webtiles) character file.

10612 Krapule the Blocker (level 11, -1/93 HPs)
             Began as a Formicid Fighter on June 20, 2015.
             Was a Follower of Qazlal.
             Splashed by a brown ugly thing's acid (4 damage)
             ... on level 10 of the Dungeon.
             The game lasted 01:10:09 (12787 turns).

Krapule the Blocker (Formicid Fighter)             Turns: 12787, Time: 01:10:09

Health: -1/93      AC: 13    Str: 23    XL:     11   Next: 96%
Magic:  0/21       EV:  7    Int: 12    God:    Qazlal [*.....]
Gold:   478        SH: 15    Dex: 14    Spells: 0 memorised, 10 levels left

rFire  . . .     SeeInvis +     L - +0 battleaxe
rCold  . . .     Clarity  .     f - +0 plate armour
rNeg   . . .     SustAb   .     c - +0 shield
rPois  .         Gourm    .     (helmet unavailable)
rElec  .         Spirit   +     H - +0 cloak
rCorr  .         Warding  .     (no gloves)
rMut   .         Stasis   +     D - +0 pair of boots
MR     +....                    x - amulet of guardian spirit
Stlth  ..........               u - +4 ring of dexterity
                                J - +3 ring of intelligence

@: corroded equipment, somewhat resistant to hostile enchantments, extremely
unstealthy
A: permanent stasis, dig shafts and tunnels, four strong arms, antennae 3
a: Dig, Shaft Self, Renounce Religion


You were on level 10 of the Dungeon.
You worshipped Qazlal.
Qazlal was aware of your devotion.
You were hungry.

You visited 2 branches of the dungeon, and saw 12 of its levels.

You collected 646 gold pieces.
You spent 168 gold pieces at shops.

Inventory:

Hand weapons
 s - a +2 war axe
 L - a +0 battleaxe (weapon)
Armour
 c - a +0 shield (worn)
 f - a +0 plate armour (worn)
 D - a +0 pair of boots (worn)
 H - a +0 cloak (worn)
 R - the +0 leather armour of the Echidna {rPois Str+3 Dex+6 Slay-4}
   (You bought it in a shop on level 11 of the Dungeon)

   It affects your strength (+3).
   It affects your dexterity (+6).
   It affects your accuracy and damage with ranged weapons and melee attacks
   (-4).
   It protects you from poison.
Jewellery
 j - an uncursed ring of flight
 t - an uncursed ring of magical power
 u - a +4 ring of dexterity (right hand)
 x - an amulet of guardian spirit (around neck)
 J - a +3 ring of intelligence (left hand)
 N - a cursed ring of sustain abilities {unknown}
 O - an uncursed ring of protection from cold {unknown}
Magical devices
 o - a wand of polymorph (9)
Scrolls
 b - a scroll of recharging {unknown}
 g - 11 scrolls of identify {unknown}
 k - 4 scrolls of remove curse {unknown}
 p - a scroll of enchant armour {unknown}
 q - 4 scrolls of random uselessness {unknown}
 r - 2 scrolls of fear {unknown}
 v - 2 scrolls of fog {unknown}
 w - 2 scrolls of noise {unknown}
 A - 2 scrolls of torment {unknown}
 C - 4 scrolls of teleportation {unknown}
 G - a scroll of magic mapping {unknown}
 K - a scroll of immolation {unknown}
 P - a scroll of blinking {unknown}
 T - a scroll of silence {unknown}
Potions
 e - a potion of might
 l - a potion of restore abilities
 m - a potion of brilliance
 E - a potion of experience {unknown}
 F - 3 potions of heal wounds
 I - a potion of lignification
 M - 2 potions of cure mutation
Books
 n - a book of Fire

   Spells                             Type                      Level
   a - Ignite Poison                  Fire/Transmutation           5
   b - Fireball                       Conjuration/Fire             5
   c - Bolt of Fire                   Conjuration/Fire             6
   d - Delayed Fireball               Conjuration/Fire             7
   e - Ring of Flames                 Charms/Fire                  7
 y - a book of Unlife

   Spells                             Type                      Level
   a - Recall                         Summoning/Translocation      3
   b - Animate Dead                   Necromancy                   4
   c - Control Undead                 Necromancy                   4
   d - Cigotuvi's Embrace             Necromancy                   5
   e - Death Channel                  Necromancy                   6
   f - Simulacrum                     Ice/Necromancy               6
 z - a book of the Earth

   Spells                             Type                      Level
   a - Leda's Liquefaction            Hexes/Earth                  4
   b - Bolt of Magma                  Conjuration/Fire/Earth       5
   c - Statue Form                    Transmutation/Earth          6
   d - Iron Shot                      Conjuration/Earth            6
   e - Shatter                        Earth                        9
 B - a book of Hinderance

   Spells                             Type                      Level
   a - Confusing Touch                Hexes                        2
   b - Confuse                        Hexes                        3
   c - Petrify                        Transmutation/Earth          4
   d - Metabolic Englaciation         Hexes/Ice                    5
   e - Gell's Gravitas                Hexes/Translocation          5
   f - Summon Mana Viper              Hexes/Summoning              5
 Q - a book of Clouds

   Spells                             Type                      Level
   a - Mephitic Cloud                 Conjuration/Poison/Air       3
   b - Conjure Flame                  Conjuration/Fire             3
   c - Poisonous Cloud                Conjuration/Poison/Air       6
   d - Freezing Cloud                 Conjuration/Ice/Air          6
   e - Ring of Flames                 Charms/Fire                  7
Comestibles
 a - 3 meat rations
 d - 11 bread rations
 h - 7 beef jerkies
 i - 2 fruits
 S - a chunk of flesh


   Skills:
 + Level 11.1 Fighting
 - Level 6.0 Axes
 + Level 11.1 Armour
 + Level 11.6 Shields
 + Level 4.4 Invocations


You had 10 spell levels left.
You didn't know any spells.

Dungeon Overview and Level Annotations

Branches:
Dungeon (11/15)            Temple (1/1) D:7             Orc (0/4) D:11
   Lair: D:8-11

Altars:
Ashenzari
Cheibriados
Dithmenos
Elyvilon
Fedhas
Gozag
Kikubaaqudgha
Makhleb
Nemelex Xobeh
Okawaru
Qazlal
Ru
Sif Muna
Trog
Vehumet
Xom
Yredelemnul
Zin
The Shining One
Beogh

Shops:
D:3 *   D:5 [*   D:6 =   D:9 %   D:11 [

Annotations:
D:10 Harold


Innate Abilities, Weirdness & Mutations

You are under a permanent stasis effect.
You can dig through walls and to a lower floor.
Your four strong arms can wield two-handed weapons with a shield.
You have a pair of large antennae on your head (SInv).


Message History

* * * LOW HITPOINT WARNING * * *
Your plate armour prevents you from hitting the brown ugly thing.
The brown ugly thing is moderately wounded.
The brown ugly thing stings you!
* * * LOW HITPOINT WARNING * * *
You are splashed with acid!
The acid corrodes your equipment!
The acid burns!
* * * LOW HITPOINT WARNING * * *
The brown ugly thing stings you but does no damage.
You see here a rat skeleton.
Evoke which item? (* to show all) (? for menu, Esc to quit)
Okay, then.
Eat which item? (? for menu, Esc to quit)
Okay, then.
Use which ability? (? or * to list) Are you sure you want to shaft yourself?
You are feeling hungry.
The brown ugly thing stings you!
* * * LOW HITPOINT WARNING * * *
You are splashed with acid!
The acid burns!
You die...

#.## #....# ##'## #..## #....#
#.# ##..# ##+#### #.#
######'#### #....# #.#
#.........# #####.### #.#
#.........# #.......######.#
#.........######............#.##
#.........†..÷.#.<.....####.....
#...<.....####u@.......# ###.##
#.........# ###.......# #..#
#.........# #.......# ##.#
#######+### ##.###### #.# ##.#
#...# #.# #..# ###.# #.. ##.##
####.## ##. #..# ###.....#
#####' ###'###### #.......#
#.....


You could see a brown ugly thing.

Vanquished Creatures
  Gastronok (D:10)
  2 hill giants (D:9)
  A cyclops (D:9)
  A troll (D:10)
  A merfolk (D:9)
  Grinder (D:5)
  Prince Ribbit (D:4)
  A raven (D:10)
  A wyvern (D:10)
  3 yaks
  Eustachio (D:7)
  A steam dragon (D:11)
  A hippogriff (D:10)
  2 hungry ghosts
  2 water moccasins (D:5)
  An eye of draining (D:10)
  2 black bears
  4 sky beasts
  2 ice beasts
  A slave (D:7)
  7 orc warriors
  4 centaurs
  A phantom (D:4)
  7 ogres
  A necrophage (D:5)
  Duvessa (D:7)
  A gnoll sergeant (D:9)
  4 giant frogs
  A wyvern skeleton (D:11)
  9 killer bees
  5 scorpions
  11 wights
  A jelly (D:5)
  Dowan (D:7)
  2 giant frog zombies
  6 crimson imps
  A giant frog skeleton (D:9)
  7 hounds
  A wasp zombie (D:10)
  2 quasits
  Crazy Yiuf (D:7)
  4 orc priests
  2 centaur skeletons
  10 orc wizards
  3 iguanas
  3 worker ants
  Ijyb (D:3)
  Terence (D:2)
  3 hound skeletons
  A worker ant zombie (D:8)
  10 adders
  6 gnolls (D:9)
  2 shadow imps
  A worm (D:5)
  3 adder skeletons
  4 giant geckos
  69 orcs
  8 bats
  A bat skeleton (D:6)
  A bat zombie (D:6)
  14 hobgoblins
  8 jackals
  23 kobolds
  4 quokkas
  5 giant cockroaches
  7 giant newts
  13 goblins
  A quokka skeleton (D:9)
  18 rats
  10 ballistomycetes
  2 plants (D:11)
342 creatures vanquished.

Vanquished Creatures (others)
  Pikel (D:7)
  A sky beast (D:7)
  3 slaves (D:7)
  2 giant spores
7 creatures vanquished.

Grand Total: 349 creatures vanquished

Notes
Turn   | Place    | Note
--------------------------------------------------------------
     0 | D:1      | Krapule, the Formicid Fighter, began the quest for the Orb.
     0 | D:1      | Reached XP level 1. HP: 18/18 MP: 1/1
   299 | D:1      | Reached XP level 2. HP: 24/24 MP: 3/3
   611 | D:1      | Found a shattered altar of Ashenzari.
   988 | D:2      | Reached XP level 3. HP: 30/30 MP: 4/4
  1088 | D:2      | Reached skill level 4 in Fighting
  1447 | D:2      | Noticed Terence
  1493 | D:2      | Killed Terence
  1493 | D:2      | Reached XP level 4. HP: 34/37 MP: 5/5
  1708 | D:3      | Found an opulent altar of Gozag.
  1708 | D:3      | Found Gozag's Platinum Reserve.
  1776 | D:3      | Noticed Ijyb
  1784 | D:3      | You fall through a shaft for 2 floors!
  1784 | D:5      | Entered Level 5 of the Dungeon
  2016 | D:5      | Found Niru's Antique Armour Shop.
  2141 | D:5      | Noticed a necrophage
  2190 | D:5      | Reached XP level 5. HP: 10/43 MP: 7/7
  2425 | D:6      | Found Ira Ceal's Jewellery Shop.
  2477 | D:6      | Reached XP level 6. HP: 40/50 MP: 8/8
  2635 | D:4      | Noticed Prince Ribbit
  2858 | D:5      | Noticed Grinder
  2897 | D:5      | Killed Grinder
  2897 | D:5      | Reached skill level 5 in Fighting
  2897 | D:5      | Reached skill level 5 in Armour
  2897 | D:5      | Reached skill level 5 in Shields
  2897 | D:5      | Reached XP level 7. HP: 54/56 MP: 9/9
  2905 | D:5      | Gained mutation: Your body is slowly deteriorating. [potion of mutation]
  2905 | D:5      | Gained mutation: You have sharp toenails. [potion of mutation]
  2905 | D:5      | Gained mutation: Your flesh is cold resistant. [potion of mutation]
  2906 | D:5      | Lost mutation: You have sharp toenails. [potion of cure mutation]
  2906 | D:5      | Lost mutation: Your body is slowly deteriorating. [potion of cure mutation]
  2906 | D:5      | Lost mutation: Your flesh is cold resistant. [potion of cure mutation]
  2925 | D:4      | Killed Prince Ribbit
  2925 | D:4      | Reached skill level 6 in Fighting
  3750 | D:3      | Killed Ijyb
  3750 | D:3      | Reached XP level 8. HP: 43/64 MP: 11/11
  4495 | D:5      | Noticed an ogre
  4507 | D:5      | Killed an ogre
  4585 | D:5      | Noticed a necrophage
  4597 | D:5      | Killed a necrophage
  4705 | D:5      | Noticed a centaur
  4714 | D:5      | Killed a centaur
  4714 | D:5      | Reached skill level 7 in Shields
  4849 | D:5      | Noticed a water moccasin
  4850 | D:5      | Noticed a water moccasin
  4866 | D:5      | Killed a water moccasin
  4877 | D:5      | Killed a water moccasin
  5049 | D:5      | Found Maanaar's Serpentskin Sales.
  5183 | D:5      | Reached XP level 9. HP: 65/72 MP: 12/12
  5609 | D:6      | Noticed an ogre
  5625 | D:6      | Killed an ogre
  6031 | D:7      | Noticed Duvessa
  6050 | D:7      | Killed Duvessa
  6058 | D:7      | Reached skill level 5 in Axes
  6058 | D:7      | Reached skill level 8 in Shields
  6077 | D:7      | Noticed Eustachio
  6098 | D:7      | Killed Eustachio
  6246 | D:7      | Killed Pikel
  6368 | D:7      | Noticed Crazy Yiuf
  6375 | D:7      | Killed Crazy Yiuf
  6416 | D:7      | Found a staircase to the Ecumenical Temple.
  6435 | Temple   | Entered the Ecumenical Temple
  6710 | D:7      | Got a bloodstained spear
  6711 | D:7      | Identified the +2 spear of Dismay {drain, -Cast rN+ Int+8} (You found it on level 7 of the Dungeon)
  6801 | D:7      | Noticed Dowan
  6816 | D:7      | Killed Dowan
  6911 | D:7      | You fall through a shaft for 2 floors!
  7105 | D:9      | Found a white marble altar of Elyvilon.
  7108 | D:9      | Noticed a cyclops
  7118 | D:9      | Killed a cyclops
  7118 | D:9      | Reached XP level 10. HP: 40/82 MP: 13/13
  7475 | D:7      | Reached skill level 9 in Shields
  8999 | D:8      | Found a glowing golden altar of the Shining One.
  9305 | D:9      | Noticed a hill giant
  9315 | D:9      | Killed a hill giant
  9399 | D:9      | Noticed a hill giant
  9575 | D:9      | Killed a hill giant
  9575 | D:9      | Reached skill level 10 in Shields
 10207 | D:9      | Reached XP level 11. HP: 33/90 MP: 6/15
 10274 | D:9      | Reached skill level 10 in Fighting
 10285 | D:9      | Found a roughly hewn altar of Beogh.
 10366 | D:9      | Reached skill level 10 in Armour
 10802 | D:9      | Found a snail-covered altar of Cheibriados.
 10807 | D:9      | Found a stormy altar of Qazlal.
 10812 | D:9      | Found a blossoming altar of Fedhas.
 10822 | D:9      | Became a worshipper of Qazlal Stormbringer
 10860 | D:9      | Noticed a merfolk
 10873 | D:9      | Killed a merfolk
 10873 | D:9      | Reached skill level 1 in Invocations
 10972 | D:9      | Reached skill level 11 in Shields
 11050 | D:9      | Found Pefelur's Food Shop.
 11083 | D:10     | Entered Level 10 of the Dungeon
 11569 | D:10     | Noticed Harold
 11801 | D:10     | Noticed Gastronok
 11831 | D:10     | Killed Gastronok
 12218 | D:10     | Acquired Qazlal's first power
 12584 | D:11     | Found Imine's Antique Armour Boutique.
 12593 | D:11     | Bought an ichor-stained leather armour for 168 gold pieces
 12603 | D:11     | Identified the +0 leather armour of the Echidna {rPois Str+3 Dex+6 Slay-4} (You bought it in a shop on level 11 of the Dungeon)
 12717 | D:11     | Found a staircase to the Orcish Mines.
 12749 | D:11     | Noticed a white ugly thing
 12751 | D:11     | Noticed a brown ugly thing
 12787 | D:10     | HP: 3/93 [brown ugly thing (8)]
 12787 | D:10     | Splashed by a brown ugly thing's acid

Action                   |  1- 3 |  4- 6 |  7- 9 | 10-12 || total
-------------------------+-------+-------+-------+-------++-------
Melee: War axe           |   104 |   156 |   451 |   487 ||  1198
       Unarmed           |     5 |       |       |       ||     5
       Battleaxe         |       |       |       |   260 ||   260
       Hand axe          |       |       |       |    16 ||    16
 Abil: Shaft Self        |       |     1 |     1 |     1 ||     3
Evoke: Wand              |       |     3 |    11 |     1 ||    15
  Use: Potion            |       |     8 |     5 |     2 ||    15
  Eat: Chunk             |     2 |     1 |     6 |     6 ||    15
       Meat ration       |       |     1 |     2 |     2 ||     5
       Pizza             |       |       |       |     1 ||     1
